 Dungeon Crawl Stone Soup version 0.19.1 (webtiles) character file.

190 SQman the Skirmisher (level 5, -5/43 HPs)
             Began as a Draconian Wanderer on Dec 21, 2016.
             Slain by Grinder (10 damage)
             ... while paralysed by Grinder
             ... on level 4 of the Dungeon.
             The game lasted 00:12:34 (2153 turns).

SQman the Skirmisher (Draconian Wanderer)           Turns: 2153, Time: 00:12:35

Health: -5/43      AC:  6    Str: 15    XL:     5   Next: 41%
Magic:  5/5        EV:  2    Int: 13    God:
Gold:   86         SH:  0    Dex: 12    Spells: 0 memorised, 4 levels left

rFire  . . .     SeeInvis .     k - +0 short sword (flame)
rCold  . . .     Gourm    .     (armour unavailable)
rNeg   . . .     Faith    .     (no shield)
rPois  .         Spirit   .     (helmet restricted)
rElec  .         Reflect  .     (no cloak)
rCorr  .         Harm     .     i - +0 pair of gloves
MR     +....                    (no boots)
Stlth  ++........               (no amulet)
                                (no ring)
                                (no ring)

@: paralysed
A: unfitting armour, stinger 1, clever 1, frail 1, magic resistance 1,
cold-blooded, AC +5
a: no special abilities


You were on level 4 of the Dungeon.
You were not hungry.

You visited 1 branch of the dungeon, and saw 4 of its levels.

You collected 86 gold pieces.

Inventory:

Hand Weapons
 a - a +2 short sword
 e - a +0 long sword
 k - a +0 short sword of flaming (weapon)
 n - a +0 falchion
 o - a +2 dagger of venom
Missiles
 d - 8 javelins (quivered)
Armour
 i - a +0 pair of gloves (worn)
Scrolls
 b - 2 scrolls of teleportation
 l - 2 scrolls of identify
Potions
 c - a potion of lignification
 m - a potion of curing
 p - a potion of heal wounds {unknown}
Comestibles
 f - 2 bread rations
 g - 4 chunks of flesh
 h - 7 fruits
 j - 2 beef jerkies


   Skills:
 + Level 5.2 Fighting
 + Level 4.0 Short Blades
   Level 1.0 Staves
 + Level 2.1 Dodging
 + Level 2.2 Stealth
   Level 1.0 Evocations


You had 4 spell levels left.
You didn't know any spells.

Dungeon Overview and Level Annotations

Branches:
Dungeon (4/15)
 Temple: D:4-7

Altars:
Sif Muna

Annotations:
D:4 Grinder


Innate Abilities, Weirdness & Mutations

Your plain brown scales are hard. (AC +5)
You cannot fit into any form of body armour.
You are cold-blooded and may be slowed by cold attacks.
Your tail ends in a poisonous barb.
Your mind is acute. (Int +2)
You are frail. (-10% HP)
You are resistant to hostile enchantments. (MR+)


Message History

p - a sapphire potion
There are no items here.
Grinder blinks!
Grinder gestures at you. You resist with almost no effort.
Grinder blinks!
Grinder says, "FISH!"
Found a ring mail.
You hit Grinder but do no damage.
Grinder is heavily wounded.
Grinder gestures at you.
You suddenly lose the ability to move!
Grinder hits you. Grinder hits you!
You writhe in agony.
Grinder hits you!
* * * LOW HITPOINT WARNING * * *
You writhe in agony.
* * * LOW HITPOINT WARNING * * *
Grinder hits you!
You die...

...[........#.
#................#
#......%.........#
...............>..
#.................
.........##.#(.. .
..........>........
.......@..#.##..#
......5....<....#
.......#.##†#...#
....##.#.#.........
### #.#.##....###.
###.##.#.##....#
#.........#....#
#.#.##.#.......#
#.##.##...#


You could see Grinder.

Vanquished Creatures
  A hound (D:4)
  2 orc wizards (D:3)
  Terence (D:3)
  An adder (D:3)
  A dart slug (D:1)
  4 orcs (D:3)
  7 bats
  4 giant cockroaches
  4 goblins
  12 hobgoblins
  3 quokkas
  2 ball pythons
  4 frilled lizards
  12 kobolds
  3 rats
61 creatures vanquished.

Notes
Turn   | Place    | Note
-------+----------+-------------------------------------------
     0 | D:1      | SQman the Draconian Wanderer began the quest for the Orb.
     0 | D:1      | SQman set off with: a +2 short sword, a scroll of teleportation, a potion of lignification, a +0 dagger, a bread ration
     0 | D:1      | Reached XP level 1. HP: 22/22 MP: 1/1
   129 | D:1      | Gained mutation: Your mind is acute. (Int +2) [potion of beneficial mutation]
   200 | D:1      | Reached XP level 2. HP: 28/28 MP: 2/2
   412 | D:1      | Reached skill level 5 in Fighting
   949 | D:2      | Reached XP level 3. HP: 36/36 MP: 3/3
  1176 | D:3      | Noticed Terence
  1196 | D:3      | Killed Terence
  1196 | D:3      | Reached skill level 1 in Dodging
  1221 | D:3      | Gained mutation: You are resistant to hostile enchantments. (MR+) [potion of mutation]
  1221 | D:3      | Gained mutation: Your tail ends in a poisonous barb. [potion of mutation]
  1221 | D:3      | Gained mutation: You are frail. (-10% HP) [potion of mutation]
  1222 | D:3      | Found a faded altar of an unknown god.
  1229 | D:3      | Reached XP level 4. HP: 30/37 MP: 4/4
  1587 | D:3      | Reached XP level 5. HP: 15/43 MP: 5/5
  1695 | D:3      | Found a deep blue altar of Sif Muna.
  2120 | D:4      | Noticed Grinder
  2149 | D:4      | Paralysed by Grinder for 6 turns
  2153 | D:4      | Slain by Grinder

Skill      XL: |  1  2  3  4  5 |
---------------+----------------+-----
Fighting       | 5 |  5.2
Dodging        | 1 2 |  2.1
Stealth        | 2 |  2.2
Short Blades   | 3 4 |  4.0
Staves         | |  1.0
Evocations     | |  1.0

Action                   |  1- 3 |  4- 6 || total
-------------------------+-------+-------++-------
Melee: Short sword       |    93 |    80 ||   173
       Tailslap          |    11 |    13 ||    24
       Dagger            |    13 |       ||    13
       Long sword        |       |     5 ||     5
Throw: Javelin           |       |     1 ||     1
  Use: Scroll            |     6 |       ||     6
       Potion            |     3 |     1 ||     4
 Stab: Sleeping          |     1 |     2 ||     3
       Distracted        |       |     1 ||     1
  Eat: Chunk             |     1 |     3 ||     4
Armor: Skin              |    46 |    18 ||    64
Dodge: Dodged            |    87 |    35 ||   122
